AoeStats
← Andrew

Arena

510285578Analyzed
1v1 RM · 21h ago on Sep 30, 2026· 76m 37s· 2 players
Game mode
Random Map
Map size
Tiny (2 player)
Population
200
Speed
Normal
Resources
Standard
Victory
Conquest
Starting age
Dark Age
Ending age
Imperial Age
RankedLock teamsTeams togetherTeam positionsShared explorationLock speedFull tech treeHidden civsTurbo modeCheats
Victory
Defeat
🇦🇹 Mongols · Austria
565
+16
🇻🇪 Poles · Venezuela
561
-16
Andrew
1:19 Loom
14:11 Feudal Age
15:48 Wheelbarrow
15:35 Double-Bit Axe
16:39 Forging
16:34 Horse Collar
17:15 Gold Mining
20:49 Castle Age
19:26 Stone Mining
19:51 Arson
20:19 Man-at-Arms
23:52 Stone Shaft Mining
26:12 Squires
25:36 Long Swordsman
27:10 Bow Saw
29:48 Hand Cart
29:35 Heavy Plow
29:34 Town Watch
29:45 Fletching
29:56 Padded Archer Armor
29:58 Scale Mail Armor
30:06 Pikeman
31:17 Bodkin Arrow
31:38 Leather Archer Armor
33:01 Town Patrol
36:16 Imperial Age
34:28 Town Patrol
34:44 Crossbowman
37:03 Masonry
37:14 Ballistics
37:11 Arrowslits
40:49 Chemistry
39:13 Capped Ram
40:02 Thumb Ring
40:37 Iron Casting
40:17 Chain Mail Armor
43:53 Blast Furnace
43:23 Plate Mail Armor
44:51 Bombard Tower
44:14 Treadmill Crane
48:09 Conscription
50:12 Bodkin Arrow
50:32 Leather Archer Armor
50:41 Fortified Wall
50:39 Siege Engineers
52:17 Bracer
51:43 Onager
51:44 Siege Ram
52:03 Two-Handed Swordsman
lolowo
5:23 Loom
11:53 Feudal Age
13:13 Double-Bit Axe
14:09 Horse Collar
18:02 Castle Age
19:18 Bow Saw
18:56 Horse Collar
21:37 Stone Mining
21:39 Fletching
23:40 Gold Mining
25:17 Wheelbarrow
24:30 Town Watch
27:45 Wheelbarrow
27:25 Bow Saw
29:43 Ballistics
30:50 Bodkin Arrow
30:55 Murder Holes
32:22 Heavy Plow
32:26 Padded Archer Armor
33:25 Gold Shaft Mining
33:08 Herbal Medicine
33:28 Masonry
33:45 Hand Cart
36:51 Bloodlines
36:41 Husbandry
36:58 Masonry
42:07 Imperial Age
39:55 Leather Archer Armor
45:45 Conscription
45:46 Elite Mangudai
48:07 Bracer
49:12 Chemistry
51:54 Drill
55:19 Siege Engineers
56:24 Hoardings
61:43 Town Patrol
62:59 Guard Tower
63:10 Onager
Connection lost

Rejoining the realm…

Still unreachable

The connection could not be restored.

Session expired

The server has moved on; the page needs a fresh start.